 Dungeon Crawl Stone Soup version 0.20.1-1-g8b1a95d (webtiles) character file.

6142 letownia2 the Reanimator (level 10, -2/121 HPs)
             Began as a Deep Dwarf Necromancer on Dec 27, 2017.
             Was an Initiate of Gozag.
             Slain by an orc knight
             ... wielding a +0 halberd
              (28 damage)
             ... in a bailey.
             The game lasted 00:31:16 (9315 turns).

letownia2 the Reanimator (Deep Dwarf Necromancer)   Turns: 9315, Time: 00:31:17

Health: -2/121     AC: 25    Str: 13    XL:     10   Next: 59%
Magic:  5/22       EV:  2    Int: 18    God:    Gozag
Gold:   656        SH:  0    Dex: 13    Spells: 22/26 levels left

rFire    . . .     SeeInvis .   B - +1 dagger (venom)
rCold    . . .     Gourm    .   (no shield)
rNeg     + + +     Faith    .   (armour currently unavailable)
rPois    +         Spirit   .   (helmet currently unavailable)
rElec    .         Reflect  .   (cloak currently unavailable)
rCorr    .         Harm     .   (gloves currently unavailable)
MR       +....     NoTele   +   (boots currently unavailable)
Stlth    ++........             (no amulet)
Regen    0.0/turn               z - +6 ring of slaying
MPRegen  0.2/turn               F - +2 ring of slaying

@: tree-form, gold aura, very slightly contaminated, non-regenerating, invisible
A: damage resistance, heal wounds, sense surroundings 2, no regeneration
a: Heal Wounds, Potion Petition, Call Merchant, Bribe Branch, Renounce Religion


You were in a bailey.
You worshipped Gozag.
Gozag was pleased with you.
You were not hungry.
You were a tree.
You visited 2 branches of the dungeon, and saw 10 of its levels.
You also visited: Bailey.

You collected 1539 gold pieces.
You spent 42 gold pieces at shops.
You paid 841 gold pieces to Gozag.

Inventory:

Hand Weapons
 a - a +2 hand axe of flaming
 c - a +0 blowgun
 e - a +0 arbalest
 B - a +1 dagger of venom (weapon)
 G - a +0 dagger
 K - a +0 short sword of venom
 O - a +0 war axe
 Q - a +2 mace of holy wrath
 U - a +0 long sword of holy wrath
 V - a cursed -1 halberd
Missiles
 r - 18 poisoned needles
 y - 44 bolts
Armour
 s - a +0 buckler
 J - a +0 pair of gloves (melded)
 L - a +0 scale mail of fire resistance (melded)
 M - a +0 pair of boots (melded)
 T - a +1 ring mail of poison resistance
Jewellery
 z - a +6 ring of slaying (left branch)
 F - a +2 ring of slaying (right branch)
Wands
 m - a wand of lightning (2/15)
 x - a wand of confusion (26/48)
Scrolls
 g - 4 scrolls of enchant armour {unknown}
 i - 6 scrolls of enchant weapon {unknown}
 j - 2 scrolls of fog
 n - 2 scrolls of teleportation {unknown}
 o - a scroll of recharging {unknown}
 t - a scroll of remove curse
 u - a scroll of random uselessness {unknown}
 w - a scroll of magic mapping {unknown}
 E - a scroll of immolation {unknown}
 I - 2 scrolls of amnesia {unknown}
 R - a scroll of blinking {unknown}
 X - a scroll of acquirement {unknown}
Potions
 d - 2 potions of mutation
 f - a potion of agility
 h - 2 potions of brilliance {unknown}
 k - 2 potions of cancellation {unknown}
 l - a potion of magic
 v - 4 potions of berserk rage {unknown}
 A - a potion of lignification
 C - 6 potions of curing
 D - a potion of haste
 N - 7 potions of heal wounds {unknown}
 P - a potion of flight {unknown}
 W - a potion of experience {unknown}
Books
 b - a book of Necromancy

   Spells                             Type                      Level
   a - Pain                           Necromancy                   1
   b - Animate Skeleton               Necromancy                   1
   c - Vampiric Draining              Necromancy                   3
   d - Regeneration                   Charms/Necromancy            3
   e - Animate Dead                   Necromancy                   4
   f - Control Undead                 Necromancy                   4
Comestibles
 p - 5 meat rations
 q - 3 bread rations
 S - 6 fruits


   Skills:
 - Level 2.3 Fighting
 - Level 4.0 Axes
 - Level 4.7 Armour
 - Level 2.1 Dodging
 - Level 2.4 Stealth
 - Level 8.7 Spellcasting
 + Level 11.1 Necromancy
 - Level 6.1 Evocations


You had 22 spell levels left.
You knew the following spells:

 Your Spells              Type           Power        Failure   Level  Hunger
a - Pain                  Necr           ####         1%          1    None
v - Vampiric Draining     Necr           #####.....   1%          3    None


Dungeon Overview and Level Annotations

Branches:
Dungeon (9/15)             Temple (1/1) D:7
   Lair: D:8-11         Orc: D:9-12

Altars:
Ashenzari
Cheibriados
Dithmenos
Elyvilon
Fedhas
Gozag
Hepliaklqana
Kikubaaqudgha
Makhleb
Nemelex Xobeh
Okawaru
Qazlal
Ru
Sif Muna
Trog
Uskayaw
Vehumet
Xom
Yredelemnul
Zin
The Shining One

Shops:
D:8 !   D:9 (*

Annotations:
D:6 letownia2's ghost, novice DDNe
D:7 asishallab's ghost, novice FoFi


Innate Abilities, Weirdness & Mutations

You are resistant to damage.
You can heal yourself by infusing magical energy.
You passively map the area around you.
You do not regenerate.


Message History

Aiming: Vampiric Draining
Press: ? - help, Shift-Dir - straight line, f/p - orc knight
Aim: an orc knight, wielding a glaive and wearing a ring mail (severely wounded, unusually strong, poisoned)
The orc knight is almost dead.
You feel life coursing into your body. The orc knight hits you with a glaive!!
* * * LOW HITPOINT WARNING * * *
Unknown command.
Unknown command.
Unknown command.
Casting: Vampiric Draining
Confirm with . or Enter, or press ? or * to list all spells.
Aiming: Vampiric Draining
Press: ? - help, Shift-Dir - straight line, f/p - orc knight
Aim: an orc knight, wielding a glaive and wearing a ring mail (almost dead, unusually strong, poisoned)
You kill the orc knight!
Your Necromancy skill increases to level 11!
You feel life coursing into your body.
The orc knight hits you with a halberd!!
You die...
Your body crumbles into a pile of gold.

# ####### ############
#########.....## ##........∩.#
.#.....#.......######............
.(.....'.......#....#.....)))....
.'.....'..))).)o$...).....))).).∩
.'.....'.......#♣...#))...)))....
.#.....#.......######.....)......
#########.....## ##........∩.# #
####### ############


You could see an orc knight.

Vanquished Creatures
  The ghost of Vodalian the Fighter, a novice MiBe of Trog (Bailey)
  2 orc knights (Bailey)
  The ghost of Zeloya the Destroyer, a novice KoAE of Vehumet (D:8)
  Joseph (D:8)
  Menkaure (D:7)
  A water moccasin (D:7)
  11 orc warriors
  An ice beast (D:6)
  A sky beast (D:8)
  A hornet zombie (D:5)
  2 phantoms
  3 ogres
  A centaur (D:7)
  4 bullfrogs
  A scorpion (D:3)
  2 howler monkeys (D:8)
  9 crimson imps
  A jelly (D:8)
  3 orc priests
  A bullfrog zombie (D:5)
  5 orc wizards
  A quasit (D:8)
  A bullfrog skeleton (D:9)
  3 hounds
  7 iguanas
  10 worker ants
  A killer bee zombie (D:5)
  7 gnolls
  11 adders
  2 shadow imps
  An adder skeleton (D:8)
  A worm (D:2)
  3 dart slugs
  6 leopard geckos
  43 orcs
  A ball python (D:1)
  7 giant cockroaches
  11 goblins
  18 hobgoblins
  8 jackals
  7 kobolds
  4 quokkas
  5 bats
  6 frilled lizards
  A quokka zombie (D:8)
  2 rats
220 creatures vanquished.

Vanquished Creatures (others)
  A giant cockroach (D:5)
1 creature vanquished.

Grand Total: 221 creatures vanquished

Notes
Turn   | Place    | Note
-------+----------+-------------------------------------------
     0 | D:1      | letownia2 the Deep Dwarf Necromancer began the quest for the Orb.
     0 | D:1      | Reached XP level 1. HP: 15/15 MP: 3/3
   223 | D:2      | Reached XP level 2. HP: 17/22 MP: 0/5
   387 | D:3      | Reached skill level 5 in Necromancy
   507 | D:3      | Reached XP level 3. HP: 21/28 MP: 4/6
   512 | D:3      | Learned a level 3 spell: Vampiric Draining
   624 | D:3      | Found a stormy altar of Qazlal.
   733 | D:4      | Reached XP level 4. HP: 29/36 MP: 2/7
   909 | D:4      | Reached skill level 6 in Necromancy
  1311 | D:4      | Noticed a phantom
  1340 | D:5      | Entered Level 5 of the Dungeon
  1433 | D:5      | Reached XP level 5. HP: 10/42 MP: 0/8
  1535 | D:5      | Reached skill level 7 in Necromancy
  1842 | D:5      | Found a white marble altar of Elyvilon.
  2117 | D:5      | HP: 2/42 [hornet zombie (7)]
  2404 | D:5      | Reached XP level 6. HP: 6/49 MP: 10/10
  2645 | D:5      | Reached skill level 8 in Necromancy
  2843 | D:5      | Reached XP level 7. HP: 23/55 MP: 5/12
  3191 | D:6      | Reached skill level 1 in Evocations
  3334 | D:6      | Reached skill level 1 in Armour
  3380 | D:6      | Reached skill level 1 in Fighting
  3387 | D:6      | Found a bloodstained altar of Trog.
  3493 | D:5      | Reached XP level 8. HP: 30/68 MP: 3/14
  3960 | D:6      | Noticed letownia2's ghost (novice DDNe)
  4032 | D:7      | Noticed Menkaure
  4034 | D:7      | Found a staircase to the Ecumenical Temple.
  4042 | D:7      | Reached skill level 5 in Evocations
  4054 | D:7      | Killed Menkaure
  4054 | D:7      | Reached skill level 9 in Necromancy
  4157 | Temple   | Entered the Ecumenical Temple
  4234 | Temple   | Became a worshipper of Gozag Ym Sagoz the Greedy
  4442 | D:7      | Found a shimmering altar of Xom.
  4506 | D:7      | HP: 2/68 [orc warrior/enchanted scimitar (20)]
  4529 | D:7      | Reached skill level 1 in Axes
  4535 | D:7      | HP: 1/68 [centaur (7)]
  4622 | D:7      | Noticed asishallab's ghost (novice FoFi)
  4656 | D:6      | Reached skill level 5 in Spellcasting
  6404 | D:4      | Gained mutation: You passively map the area around you. [Deep Dwarf growth]
  6404 | D:4      | Reached XP level 9. HP: 48/74 MP: 17/17
  6508 | D:4      | Found an iron altar of Okawaru.
  7087 | D:8      | Noticed Joseph
  7114 | D:8      | Killed Joseph
  7447 | D:8      | Found Odooth's Distillery.
  7457 | D:8      | Bought a potion of lignification for 42 gold pieces
  7744 | D:8      | Noticed Zeloya's ghost (novice KoAE)
  7759 | D:8      | Killed Zeloya's ghost
  7899 | D:8      | Found a radiant altar of Vehumet.
  7902 | D:8      | Found a bloodstained altar of Trog.
  7905 | D:8      | Found a deep blue altar of Sif Muna.
  8006 | D:9      | Found Emmypium's Antique Weapon Boutique.
  8060 | D:9      | Found a flagged portal.
  8113 | D:9      | Reached XP level 10. HP: 76/81 MP: 20/22
  8283 | D:9      | Found a glowing silver altar of Zin.
  8374 | Bailey   | Entered a bailey
  8783 | Bailey   | Noticed Vodalian's ghost (novice MiBe)
  8805 | Bailey   | Killed Vodalian's ghost
  9037 | Bailey   | Reached skill level 10 in Necromancy
  9051 | Bailey   | Noticed an orc knight
  9085 | Bailey   | Killed an orc knight
  9270 | Bailey   | Noticed an orc knight
  9270 | Bailey   | Noticed an orc knight
  9315 | Bailey   | Killed an orc knight
  9315 | Bailey   | Reached skill level 11 in Necromancy
  9315 | Bailey   | Slain by an orc knight

Skill      XL: |  1  2  3  4  5  6  7  8  9 10 |
---------------+-------------------------------+-----
Spellcasting   | 2 3 4 5 8 |  8.7
Necromancy     | 5 6 7 8 9 11 | 11.1
Evocations     | 3 5 6 |  6.1
Armour         | 3 4 |  4.7
Fighting       | 2 |  2.3
Axes           | 2 3 4 |  4.0
Dodging        | |  2.1
Stealth        | |  2.4

Action                   |  1- 3 |  4- 6 |  7- 9 | 10-12 || total
-------------------------+-------+-------+-------+-------++-------
Melee: Dagger            |    12 |    69 |    85 |     1 ||   167
       Hand axe          |       |       |   117 |    42 ||   159
 Fire: Blowgun           |       |       |       |    15 ||    15
 Cast: Pain              |    38 |     7 |    64 |       ||   109
       Vampiric Draining |     2 |    38 |    75 |    48 ||   163
Invok: Call Merchant     |       |       |       |     1 ||     1
Evoke: Wand              |       |       |     1 |    11 ||    12
  Use: Scroll            |       |       |     5 |     5 ||    10
       Potion            |       |       |     2 |     3 ||     5
 Stab: Sleeping          |       |     1 |     2 |       ||     3
       Distracted        |       |       |     1 |       ||     1
       Confused          |       |       |     1 |       ||     1
  Eat: Chunk             |       |    11 |     5 |       ||    16
       Royal jelly       |       |       |     7 |       ||     7
       Bread ration      |       |       |     2 |       ||     2
Armor: Robe              |     3 |     9 |       |       ||    12
       Ring mail         |       |    32 |    94 |    13 ||   139
       Scale mail        |       |       |       |    12 ||    12
       Skin              |       |       |       |    10 ||    10
Dodge: Dodged            |    16 |    65 |   126 |    51 ||   258
